 Dungeon Crawl Stone Soup version 0.22-a0-231-g1b571ea (webtiles) character file.

110 tidbits the Insei (level 4, 7/34 HPs)
             Began as a Gnoll Transmuter on Feb 20, 2018.
             Quit the game on level 3 of the Dungeon.
             The game lasted 00:04:20 (499 turns).

tidbits the Insei (Gnoll Transmuter)                 Turns: 499, Time: 00:04:20

Health: 7/34       AC:  2    Str: 12    XL:     4   Next: 91%
Magic:  6/11       EV: 24    Int: 17    God:
Gold:   74         SH:  0    Dex: 23    Spells: 7/13 levels left

rFire    . . .     SeeInvis .     - Unarmed
rCold    . . .     Gourm    +   (shield currently unavailable)
rNeg     . . .     Faith    .   (armour currently unavailable)
rPois    x         Spirit   .   (helmet currently unavailable)
rElec    .         Reflect  .   (cloak currently unavailable)
rCorr    .         Harm     .   (gloves currently unavailable)
MR       .....                  (boots currently unavailable)
Stlth    ++........             l - amulet of the gourmand
HPRegen  0.11/turn              d - +3 ring of dexterity
MPRegen  0.12/turn              (no ring)

@: lethally poisoned (7 -> -12), spider-form (expiring), very slightly
contaminated
A: tiny, distributed training, strong nose
a: End Transformation


You were on level 3 of the Dungeon.
You were not hungry.
You were a venomous arachnid creature.
You visited 1 branch of the dungeon, and saw 3 of its levels.

You collected 74 gold pieces.

Inventory:

Hand Weapons
 f - a +0 dagger
 n - a +2 dagger of holy wrath
   (You took it off an orc on level 3 of the Dungeon)
Missiles
 a - 49 arrows
 g - 17 sling bullets
 h - 23 bolts
Armour
 b - a +0 robe
 j - a +0 scale mail of fire resistance
   (You took it off a goblin on level 2 of the Dungeon)
 B - a +2 ring mail of fire resistance (melded)
   (You took it off an orc on level 3 of the Dungeon)
Jewellery
 d - a +3 ring of dexterity (left front leg)
   (You found it on level 1 of the Dungeon)
 l - an amulet of the gourmand (around neck)
   (You found it on level 3 of the Dungeon)
Wands
 i - a wand of flame (26)
Scrolls
 e - a scroll of noise
 k - a scroll of amnesia
Comestibles
 c - 3 rations


   Skills:
 + Level 2.8 Fighting
 + Level 1.2 Short Blades
 + Level 1.2 Long Blades
 + Level 1.2 Axes
 + Level 1.2 Maces & Flails
 + Level 1.2 Polearms
 + Level 1.2 Staves
 + Level 1.2 Slings
 + Level 1.2 Bows
 + Level 1.2 Crossbows
 + Level 1.2 Throwing
 + Level 1.2 Armour
 + Level 4.7 Dodging
 + Level 1.2 Stealth
 + Level 1.2 Shields
 + Level 6.6 Unarmed Combat
 + Level 5.1 Spellcasting
 + Level 1.0 Conjurations
 + Level 1.0 Hexes
 + Level 1.0 Charms
 + Level 1.0 Summonings
 + Level 1.0 Necromancy
 + Level 1.0 Translocations
 + Level 3.9 Transmutations
 + Level 1.0 Fire Magic
 + Level 1.0 Ice Magic
 + Level 1.0 Air Magic
 + Level 1.0 Earth Magic
 + Level 1.0 Poison Magic
 + Level 1.4 Invocations
 + Level 1.2 Evocations


You had 7 spell levels left.
You knew the following spells:

 Your Spells              Type           Power        Failure   Level  Hunger
e - Beastly Appendage     Tmut           ###...       10%         1    None
k - Sticks to Snakes      Tmut           ###.....     13%         2    #......
p - Spider Form           Tmut/Pois      ##........   34%         3    ###....


Dungeon Overview and Level Annotations

Branches:
Dungeon (3/15)

Altars:


Innate Abilities, Weirdness & Mutations

Your experience applies equally to all skills.
((You have very sharp teeth.))
Your uncanny sense of smell can sniff out nearby items.


Message History

You closely miss the rat. Your kick misses the rat. The rat barely misses you.
You hit the rat.
You kill the rat!
Your transformation is almost over.
The rat barely misses you.
You hit the rat.
You kill the rat!
The rat bites you but does no damage.
You closely miss the rat. Your kick misses the rat. The rat closely misses you.
You hit the rat.
You kill the rat!
A rat comes into view.
You see here a rat corpse.
You hit the rat.
You kill the rat!
You see here a ration.
c - 3 rations (gained 1)
Your talons disappear.
You see here a rat corpse.
You see here a rat corpse.
You see here a scale mail.
A rat comes into view.
Found 6 gold pieces.
Casting: Beastly Appendage (safe; 6% risk of failure)
Confirm with . or Enter, or press ? or * to list all spells.
You turn into a venomous arachnid creature.
Your +2 ring mail of fire resistance melds into your body.
You feel less resistant to fire.
You closely miss the rat. The rat completely misses you.
You bite the rat!
You kill the rat!
You see here 23 bolts.
h - 23 bolts Your transformation is almost over.
You see here 11 gold pieces.
You now have 68 gold pieces (gained 11).
You see here 6 gold pieces.
You now have 74 gold pieces (gained 6).
Your transformation has ended.
Your +2 ring mail of fire resistance unmelds from your body.
You feel resistant to fire. As you open the door, it creaks loudly!
You hear an angry hiss.
You hear a shout!
Found 19 gold pieces.
There is an open door here.
An adder and an orc come into view.
The orc is wielding a dagger of holy wrath.
The orc shouts!
The adder hisses angrily.
Casting: Spider Form (safe; 34% risk of failure)
Confirm with . or Enter, or press ? or * to list all spells.
You miscast Spider Form.
You are very lightly contaminated with residual magic.
Nothing appears to happen.
Casting: Spider Form (safe; 34% risk of failure)
Confirm with . or Enter, or press ? or * to list all spells.
You turn into a venomous arachnid creature.
Your +2 ring mail of fire resistance melds into your body.
You feel less resistant to fire. The adder bites you.
You are poisoned.
The adder poisons you!
You barely miss the adder.
You feel sick. The adder bites you.
You are more poisoned.
The adder poisons you!
You completely miss the adder.
You feel sick. The adder barely misses you. The adder bites you.
You are lethally poisoned!
The adder poisons you!
You bite the adder!
The adder looks as sick as possible!
The adder is almost dead.
You feel sick. The adder bites you.
You hit the adder.
You kill the adder!
You feel sick.
The orc hits you with a dagger of holy wrath.
* * * LOW HITPOINT WARNING * * *
You bite the orc!
You kill the orc!
* * * LOW HITPOINT WARNING * * *
You feel sick.
* * * LOW HITPOINT WARNING * * *
You feel sick.
You see here a dagger of holy wrath.
n - a dagger of holy wrath Your transformation is almost over.
* * * LOW HITPOINT WARNING * * *
You feel sick.
You aren't carrying any potions.
Unknown command.
You aren't carrying any potions.
Unknown command.
Blink to where?
Press: ? - help, Dir - move target cursor
As you read the scroll of blinking, it crumbles to dust.
* * * LOW HITPOINT WARNING * * *
You feel sick.
Found 6 tomahawks.
* * * LOW HITPOINT WARNING * * *
You feel sick.
You see here 6 tomahawks.
Are you sure you want to abandon this character and quit the game? (Confirm with "yes".)

♣♣♣♣♣♣♣♣♣###
♣........§.'.#
♣.........♣#.#
♣.........♣#.#
♣.........♣#.#####
♣....$....♣#......
♣....♣....♣##.####
♣.........♣ #.#
♣s........♣ #.#
♣......... #.#
♣......... #.#
♣♣♣♣♣♣♣♣♣♣ #.# ..#
#..# #..####
#...... .......


There were no monsters in sight!

Vanquished Creatures
  2 orc wizards (D:3)
  2 adders (D:3)
  A worm (D:3)
  4 orcs (D:3)
  A giant cockroach (D:2)
  A goblin (D:2)
  A hobgoblin (D:1)
  A quokka (D:3)
  3 bats
  3 kobolds
  21 rats
40 creatures vanquished.

Notes
Turn   | Place    | Note
-------+----------+-------------------------------------------
     0 | D:1      | tidbits the Gnoll Transmuter began the quest for the Orb.
     0 | D:1      | Reached XP level 1. HP: 17/17 MP: 6/6
   156 | D:2      | Reached XP level 2. HP: 23/23 MP: 5/7
   162 | D:2      | Learned a level 2 spell: Sticks to Snakes
   206 | D:3      | Reached skill level 5 in Spellcasting
   206 | D:3      | Reached skill level 1 in Invocations
   206 | D:3      | Reached XP level 3. HP: 6/28 MP: 6/9
   248 | D:2      | Learned a level 3 spell: Spider Form
   308 | D:3      | Reached skill level 1 in Short Blades
   308 | D:3      | Reached skill level 1 in Long Blades
   308 | D:3      | Reached skill level 1 in Axes
   308 | D:3      | Reached skill level 1 in Maces & Flails
   308 | D:3      | Reached skill level 1 in Polearms
   308 | D:3      | Reached skill level 1 in Staves
   308 | D:3      | Reached skill level 1 in Slings
   308 | D:3      | Reached skill level 1 in Bows
   308 | D:3      | Reached skill level 1 in Crossbows
   308 | D:3      | Reached skill level 1 in Throwing
   308 | D:3      | Reached skill level 1 in Armour
   308 | D:3      | Reached skill level 1 in Stealth
   308 | D:3      | Reached skill level 1 in Shields
   308 | D:3      | Reached skill level 1 in Evocations
   308 | D:3      | Reached XP level 4. HP: 17/34 MP: 3/11
   408 | D:3      | Reached skill level 1 in Conjurations
   408 | D:3      | Reached skill level 1 in Hexes
   408 | D:3      | Reached skill level 1 in Charms
   408 | D:3      | Reached skill level 1 in Summonings
   408 | D:3      | Reached skill level 1 in Necromancy
   408 | D:3      | Reached skill level 1 in Translocations
   408 | D:3      | Reached skill level 1 in Fire Magic
   408 | D:3      | Reached skill level 1 in Ice Magic
   408 | D:3      | Reached skill level 1 in Air Magic
   408 | D:3      | Reached skill level 1 in Earth Magic
   408 | D:3      | Reached skill level 1 in Poison Magic
   499 | D:3      | Quit the game

Vault maps used:
D:1:      saegor_arrival_simple_d
D:2:      lemuel_blue_sif_altar
D:3:      kennysheep_small_spiral, minmay_rat_hole

Skill      XL: |  1  2  3  4 |
---------------+-------------+-----
Spellcasting   | 5 |  5.1
Invocations    | 1 |  1.4
Short Blades   | 1 |  1.2
Long Blades    | 1 |  1.2
Axes           | 1 |  1.2
Maces & Flails | 1 |  1.2
Polearms       | 1 |  1.2
Staves         | 1 |  1.2
Slings         | 1 |  1.2
Bows           | 1 |  1.2
Crossbows      | 1 |  1.2
Throwing       | 1 |  1.2
Armour         | 1 |  1.2
Stealth        | 1 |  1.2
Shields        | 1 |  1.2
Evocations     | 1 |  1.2
Conjurations   | 1 |  1.0
Hexes          | 1 |  1.0
Charms         | 1 |  1.0
Summonings     | 1 |  1.0
Necromancy     | 1 |  1.0
Translocations | 1 |  1.0
Fire Magic     | 1 |  1.0
Ice Magic      | 1 |  1.0
Air Magic      | 1 |  1.0
Earth Magic    | 1 |  1.0
Poison Magic   | 1 |  1.0
Fighting       | |  2.8
Dodging        | |  4.7
Unarmed Combat | |  6.6
Transmutations | |  3.9

Action                   |  1- 3 |  4- 6 || total
-------------------------+-------+-------++-------
Melee: Unarmed           |    37 |    53 ||    90
       Bite              |     5 |     2 ||     7
       Headbutt          |     4 |     1 ||     5
       Kick              |     1 |       ||     1
       Punch             |       |     1 ||     1
 Cast: Beastly Appendage |     6 |     2 ||     8
       Spider Form       |     2 |     3 ||     5
  Use: Scroll            |       |     4 ||     4
 Stab: Sleeping          |     1 |       ||     1
Armor: Robe              |     3 |       ||     3
       Ring mail         |       |     5 ||     5
Dodge: Dodged            |    20 |    23 ||    43

Table legend:
 A = Spawn XP
 B = Non-spawn XP
 C = Spawn XP percentage of total XP
 D = Spawn monster count
 E = Non-spawn monster count
 F = Spawn count percentage of total count
 G = Total turns spent on level
                    A         B        C        D         E        F      G
               +---------+---------+-------+---------+---------+-------+---------
         Total |       0 |     158 |   0.0 |       0 |      40 |   0.0 |   499
               +---------+---------+-------+---------+---------+-------+---------
           D:1 |       0 |       4 |   0.0 |       0 |       3 |   0.0 |    68
           D:2 |       0 |      10 |   0.0 |       0 |       6 |   0.0 |   175
           D:3 |       0 |     144 |   0.0 |       0 |      31 |   0.0 |   256
               +---------+---------+-------+---------+---------+-------+---------

Table legend:
 A = Turns spent in this place as a percentage of turns spent in the entire game.
 B = Non-inter-level travel turns spent in this place as a percentage of non-inter-level travel turns spent in the entire game.
 C = Inter-level travel turns spent in this place as a percentage of turns spent in this place.
 D = Turns resting spent in this place as a percentage of non-inter-level travel turns spent in this place.
 E = Turns spent auto-exploring this place as a percentage of non-inter-level travel turns spent in this place.
 F = Non-inter-level travel turns spent in this place divided by the number of levels of this place that you've seen.
                   A       B       C       D       E      F
               +-------+-------+-------+-------+-------+----------------------
         Total | 100.0 | 100.0 |   0.0 |   0.0 |   0.0 | 166.3
       Dungeon | 100.0 | 100.0 |   0.0 |   0.0 |   0.0 | 166.3
               +-------+-------+-------+-------+-------+----------------------

Table legend:
 A = Kills in this place as a percentage of kills in entire the game.
 B = Kills by you in this place as a percentage of kills by you in the entire game.
 C = Kills by friends in this place as a percentage of kills by friends in the entire game.
 D = Other kills in this place as a percentage of other kills in the entire game.
 E = Experience gained in this place as a percentage of experience gained in the entire game.
 F = Experience gained in this place divided by the number of levels of this place that you have seen.
                   A       B       C       D       E      F
               +-------+-------+-------+-------+-------+----------------------
         Total | 100.0 | 100.0 |   N/A |   N/A | 100.0 |  52.7
       Dungeon | 100.0 | 100.0 |   N/A |   N/A | 100.0 |  52.7
               +-------+-------+-------+-------+-------+----------------------

Vault maps used:
D:1:      saegor_arrival_simple_d
D:2:      lemuel_blue_sif_altar
D:3:      kennysheep_small_spiral, minmay_rat_hole
